 Dungeon Crawl Stone Soup version 0.29.1-1-gd02db6906a (webtiles) character file.

Game seed: 12598027515392618176

6771 quakins the Fighter (level 10, -7/110 HPs)
             Began as a Troll Transmuter on Oct 17, 2022.
             Was a Follower of Uskayaw.
             Mangled by a shadow (25 damage)
             ... on level 11 of the Dungeon.
             The game lasted 00:23:13 (7351 turns).

quakins the Fighter (Troll Transmuter)              Turns: 7351, Time: 00:23:14

Health: -7/110     AC: 13    Str: 24    XL:     10   Next: 76%
Magic:  13/13      EV: 11    Int:  9    God:    Uskayaw [*.....]
Gold:   436        SH:  0    Dex: 10    Spells: 9/15 levels left

rFire   . . .      SeeInvis .     - Unarmed
rCold   . . .      Faith    .   (no shield)
rNeg    . . .      Spirit   .   a - +0 robe
rPois   .          Reflect  .   (helmet currently unavailable)
rElec   .          Harm     .   m - +0 cloak
rCorr   .          Rampage  .   (gloves unavailable)
Will    .....                   (boots unavailable)
Stlth   +.........              (no amulet)
HPRegen 1.08/turn               k - +4 ring of protection
MPRegen 0.13/turn               w - +4 ring of protection

@: appendages
A: horns 2, talons 2, large, unfitting armour, claws 3, regeneration 1, shaggy
fur 1, tough skin 1
a: End Transformation, Renounce Religion, Stomp


You were on level 11 of the Dungeon.
You worshipped Uskayaw.
Uskayaw was noncommittal.
You had temporarily grown beastly horns and talons.
You visited 2 branches of the dungeon, and saw 12 of its levels.
You also visited: Ossuary and Bailey.

You collected 436 gold pieces.

Inventory:

Missiles
 z - 5 throwing nets
Armour
 a - a +0 robe (worn)
 m - a +0 cloak (worn)
Jewellery
 k - a +4 ring of protection (left claw)
 r - an amulet of guardian spirit
 u - a ring of protection from cold
 w - a +4 ring of protection (right claw)
 y - a ring of fire
 E - a ring of flight
Wands
 l - a wand of mindburst (21)
 v - a wand of roots (1)
 F - a wand of digging (8)
 G - a wand of acid (12)
Scrolls
 e - 2 scrolls of blinking
 g - 9 scrolls of identify
 i - a scroll of silence {unknown}
 j - 4 scrolls of vulnerability {unknown}
 o - 4 scrolls of fear {unknown}
 p - a scroll of noise {unknown}
 q - 3 scrolls of immolation {unknown}
 s - 4 scrolls of teleportation {unknown}
 x - a scroll of magic mapping {unknown}
 H - a scroll of torment {unknown}
 I - a scroll of summoning {unknown}
Potions
 b - a potion of heal wounds {unknown}
 c - a potion of flight {unknown}
 d - 11 potions of curing
 f - 4 potions of attraction {unknown}
 h - 4 potions of mutation {unknown}
 n - a potion of cancellation {unknown}
 t - 2 potions of resistance {unknown}
 A - a potion of berserk rage {unknown}
 B - 4 potions of haste {unknown}
 C - 2 potions of invisibility {unknown}
 D - a potion of brilliance {unknown}


   Skills:
 - Level 10.0 Fighting
 - Level 6.0 Dodging
 - Level 3.0 Unarmed Combat
 - Level 3.0 Spellcasting
 + Level 6.5 Transmutations


You had 9 spell levels left.
You knew the following spells:

 Your Spells              Type           Power      Damage    Failure   Level
a - Beastly Appendage     Tmut           26%        N/A       1%          1
b - Wereblood             Tmut           13%        N/A       3%          2
c - Spider Form           Tmut/Pois      7%         N/A       24%         3

Your spell library contained the following spells:

 Spells                   Type           Power      Damage    Failure   Level
 Sting                    Tmut/Pois      28%        1d4       8%          1
 Poisonous Vapours        Pois/Air       2%         N/A       41%         2
 Ice Form                 Ice/Tmut       7%         N/A       61%         4
 Olgreb's Toxic Radiance  Pois           1%         N/A       96%         4


Dungeon Overview and Level Annotations

Branches:
Dungeon (11/15)            Temple (1/1) D:7             Orc (0/2) D:11
Ossuary (visited)          Bailey (visited)
   Lair: D:8-11

Altars:
Ashenzari
Cheibriados
Dithmenos
Fedhas
Gozag
Kikubaaqudgha
Makhleb
Nemelex Xobeh
Okawaru
Qazlal
Sif Muna
Trog
Uskayaw
Vehumet
Wu Jian
Xom
Yredelemnul
Zin
The Shining One

Shops:
D:5 (   D:8 [

Annotations:
D:8 Grum


Innate Abilities, Weirdness & Mutations

You have temporarily grown beastly horns and talons.
You are too large for most types of armour.
You have claws for hands.
Your natural rate of healing is unusually fast.
You are covered in fur. (AC +1)
You have tough skin. (AC +1)


Message History

Found a potion of experience and a curved runed staff.
Aiming: Mindburst
Press: ? - help, Shift-Dir - straight line, f - orc knight
Aim: an orc knight, wielding a +0 halberd and wearing a +0 ring mail (chance to affect: 47%)
Okay, then.
The orc closely misses you.
The orc knight hits you from afar with a +0 halberd!!
The orc warrior completely misses you.
The orc hits you from afar with a +0 halberd.
The orc warrior barely misses you.
There is a gate leading back out of this place here.
Casting: Beastly Appendage (safe; 1% risk of failure)
Press: ? - help, Q - select action, (/) - cycle Dir - look around, f - activate You grow a pair of large bovine horns.
Your feet morph into talons.
The orc hits you from afar with a +0 halberd!
The orc knight roars a battlecry!
The orcs go into a battle-frenzy!
The orc warrior hits you from afar with a +0 halberd!
You scratch the orc knight. Your headbutt misses the orc knight.
The orc knight is lightly wounded.
The orc closely misses you.
The orc warrior hits you from afar with a +0 halberd!!
The orc hits you from afar with a +0 halberd.
The orc knight hits you with a +0 halberd.
The orc warrior completely misses you.
The orc knight hits you with a +0 glaive!!!
* * * LOW HITPOINT WARNING * * *
Welcome back to the Dungeon!
There is an empty arch of ancient stone here.
Blink to where?
Press: ? - help, Dir - move target
As you read the scroll of blinking, it crumbles to dust.
There is a stone staircase leading down here.
You climb downwards.
The shadow slips into darkness.
The shadow flickers and vanishes!
Deactivating autopickup; reactivate with Ctrl-A.
The wyvern barely misses you.
The shadow strikes at you from the darkness!
You die...

##+### #....#
#l{..####
#@...'Y.#
#....##...lY.
#....# .....
#....# ....
###'## ...
##.# .. #..#
#....P #.##
#..... #.#
#....


You could see an elephant and a wyvern.

Vanquished Creatures
  A manticore (D:9)
  A kobold demonologist (D:9)
  A troll (D:9)
  2 slime creatures (D:6)
  Sigmund (D:4)
  2 steam dragons
  Edmund (D:4)
  Menkaure (D:7)
  A water moccasin (D:7)
  12 orc warriors
  A sky beast (D:8)
  2 ice beasts (D:6)
  An ogre (D:3)
  2 wolves
  5 kobold brigands
  Blork the orc (D:5)
  2 bullfrogs
  2 gnoll sergeants
  A scorpion (D:6)
  2 water moccasin zombies (Ossuary)
  14 killer bees
  3 howler monkeys
  2 hounds
  8 orc priests
  2 gnoll boudas
  7 jellies
  Crazy Yiuf (D:2)
  3 iguanas
  12 orc wizards
  A statue (D:5)
  2 mummies (Ossuary)
  17 gnolls
  6 adders
  A shadow imp (D:8)
  2 white imps
  4 adder zombies (Ossuary)
  2 worms
  A dart slug (D:2)
  45 orcs
  5 ball pythons
  11 endoplasms
  3 giant cockroaches
  A gnoll zombie (Ossuary)
  13 goblins
  3 hobgoblins
  25 kobolds
  3 quokkas
  5 bats
  2 frilled lizards
  6 hobgoblin zombies (Ossuary)
  3 kobold zombies (Ossuary)
  3 orc zombies (Ossuary)
  5 rats
263 creatures vanquished.

Vanquished Creatures (others)
  A killer bee (D:7)
  4 fungi (D:6)
  13 toadstools (D:6)
18 creatures vanquished.

Grand Total: 281 creatures vanquished

Notes
Turn   | Place    | Note
-------+----------+-------------------------------------------
     0 | D:1      | quakins the Troll Transmuter began the quest for the Orb.
     0 | D:1      | Reached XP level 1. HP: 18/18 MP: 1/1
   112 | D:1      | Reached XP level 2. HP: 21/26 MP: 2/2
   424 | D:2      | Identified the +0 leather armour of Bonk {rN+ rCorr Str+4
                  | Stlth+}
   475 | D:2      | Reached XP level 3. HP: 30/32 MP: 3/3
   509 | D:2      | Found a runed translucent door.
   510 | D:2      | Noticed Crazy Yiuf
   917 | D:2      | Learned a level 2 spell: Wereblood
   922 | D:2      | Killed Crazy Yiuf
   923 | D:2      | Reached XP level 4. HP: 14/40 MP: 2/4
  1740 | D:3      | Noticed an ogre
  1831 | D:4      | Noticed Edmund
  1855 | D:4      | Killed Edmund
  1856 | D:4      | Reached XP level 5. HP: 12/46 MP: 5/5
  2113 | D:4      | Found a hide-covered altar of Uskayaw.
  2119 | D:4      | Became a worshipper of Uskayaw the Reveller
  2138 | D:4      | Reached * piety under Uskayaw
  2139 | D:4      | Reached XP level 6. HP: 53/54 MP: 6/6
  2223 | D:4      | Noticed Sigmund
  2227 | D:4      | Reached ** piety under Uskayaw
  2228 | D:4      | Killed Sigmund
  2229 | D:4      | Reached skill level 5 in Transmutations
  2229 | D:4      | Reached skill level 2 in Fighting
  2711 | D:3      | Reached skill level 3 in Fighting
  2711 | D:3      | Reached XP level 7. HP: 54/67 MP: 2/7
  2842 | D:5      | Entered Level 5 of the Dungeon
  2972 | D:5      | Found Utiowk's Weapon Emporium.
  2987 | D:5      | Found a stormy altar of Qazlal.
  3058 | D:5      | Found a shadowy altar of Dithmenos.
  3058 | D:5      | Identified the +7 quarterstaff "Civvox" {venom, Int+4}
  3078 | D:5      | Reached *** piety under Uskayaw
  3080 | D:5      | Reached skill level 4 in Fighting
  3182 | D:5      | Found a radiant altar of Vehumet.
  3301 | D:5      | Noticed Blork the orc
  3308 | D:5      | Killed Blork the orc
  3309 | D:5      | Reached skill level 5 in Fighting
  3637 | D:6      | Found a sand-covered staircase.
  3643 | Ossuary  | Entered an ossuary
  3772 | Ossuary  | Reached XP level 8. HP: 82/83 MP: 8/8
  3837 | D:6      | Reached skill level 6 in Fighting
  3851 | D:6      | Reached **** piety under Uskayaw
  3999 | D:6      | Reached skill level 7 in Fighting
  4217 | D:6      | Noticed a slime creature
  4217 | D:6      | Noticed a slime creature
  4218 | D:6      | Noticed a slime creature
  4254 | D:6      | Reached skill level 8 in Fighting
  4264 | D:6      | Killed a slime creature
  4265 | D:6      | Reached XP level 9. HP: 47/97 MP: 9/9
  4467 | D:6      | Killed a large slime creature
  4468 | D:6      | Reached skill level 9 in Fighting
  4748 | D:6      | Found a broken altar of Ashenzari.
  5136 | D:7      | Found a staircase to the Ecumenical Temple.
  5149 | D:7      | Reached skill level 10 in Fighting
  5149 | D:7      | Noticed Menkaure
  5157 | D:7      | Killed Menkaure
  5216 | Temple   | Entered the Ecumenical Temple
  5306 | D:7      | Learned a level 3 spell: Spider Form
  5625 | D:8      | Found Zaumm's Antique Armour Emporium.
  5675 | D:8      | Reached ***** piety under Uskayaw
  5688 | D:8      | Reached ****** piety under Uskayaw
  5767 | D:8      | Reached XP level 10. HP: 86/110 MP: 6/13
  5866 | D:8      | Noticed Grum
  5886 | D:8      | Identified the +6 flail of Cenazam {speed, rPois Str+6}
  6093 | D:9      | Noticed an orange demon
  6174 | D:9      | Noticed a manticore
  6185 | D:9      | Reached skill level 5 in Dodging
  6189 | D:9      | Killed a manticore
  6578 | D:9      | You fall into a shaft and drop 2 floors!
  6589 | D:11     | Found a staircase to the Orcish Mines.
  6759 | D:11     | Noticed an elephant
  6765 | D:10     | Entered Level 10 of the Dungeon
  6767 | D:10     | Found a flagged portal.
  6786 | Bailey   | Entered a bailey
  7340 | Bailey   | Noticed an orc knight
  7340 | Bailey   | Noticed an orc knight
  7351 | D:11     | Mangled by a shadow

Illustrated notes

Levels and vault maps discovered:
D:1:      minmay_arrival_doors, layout_rooms
D:2:      layout_rooms, serial_bayou_ford_a, uniq_crazy_yiuf_cottage
D:3:      layout_loops_ring
D:4:      layout_basic, mainiacjoe_overflow_boulevard, uniq_edmund, uniq_sigmund
D:5:      layout_basic, vehumet_statue, nicolae_qazlal_scattered_showers,
          lemuel_round_altar, serial_shops, shop, uniq_blork_the_orc
D:6:      cheibrodos_fertilizer, layout_cave_pools, nicolae_ashenzari_skybound,
          enter_ossuary_1, kennysheep_crisscross
D:7:      layout_basic, minmay_temple_entry_crystal_x, uniq_menkaure
D:8:      layout_basic, serial_shops, nicolae_shop_advertising_works
          [nicolae_subvault_shop_adworks], gammafunk_ghost_ooze, uniq_grum,
          uniq_psyche
D:9:      layout_rooms
D:10:     layout_rooms, mainiacjoe_overflow_big_doors,
          nicolae_ru_great_annihilating_truth, enter_bailey_3
D:11:     layout_roguey, david_lair_generic, minmay_orc_entry_temple_small,
          serial_shops, nicolae_shop_competitors_out_of_business,
          serial_park_tiny_1, nicolae_dithmenos_shadow_blocks
Temple:   eino_temple_lava

Skill      XL: |  1  2  3  4  5  6  7  8  9 10 |
---------------+-------------------------------+-----
Transmutations | 2 3 4 5 6 |  6.5
Fighting       | 3 5 8 10 | 10.0
Spellcasting   | 3 |  3.0
Dodging        | 2 6 |  6.0
Unarmed Combat | |  3.0

Action                   |  1- 3 |  4- 6 |  7- 9 | 10-12 || total
-------------------------+-------+-------+-------+-------++-------
Melee: Unarmed           |    93 |    92 |   448 |   245 ||   878
       Kick              |     1 |     7 |    48 |    37 ||    93
       Headbutt          |     1 |     3 |    36 |    27 ||    67
       Punch             |       |     1 |    12 |     6 ||    19
 Cast: Beastly Appendage |     1 |     6 |    22 |    14 ||    43
       Wereblood         |       |       |     3 |     3 ||     6
       Spider Form       |       |       |     1 |       ||     1
Invok: Stomp             |       |     3 |     9 |     4 ||    16
       Line Pass         |       |       |     1 |     1 ||     2
Evoke: Wand              |       |       |       |     6 ||     6
  Use: Scroll            |     2 |       |       |     1 ||     3
       Potion            |       |     1 |       |       ||     1
 Stab: Paralysed         |       |       |    10 |     9 ||    19
       Sleeping          |       |       |       |     1 ||     1
Armor: Robe              |    41 |    52 |   270 |   150 ||   513
       Skin              |       |     4 |     2 |       ||     6
Dodge: Dodged            |    41 |    30 |   267 |   189 ||   527
